Map: Eternal Empire LE

Players

LiquidClem (Clem)

  • Race: Terran Terran
  • Spawn Location: 7:00

cure - Winner!

  • Race: Terran Terran
  • Spawn Location: 1:00

Event: StayAtHomestory Cup #2

VOD

Have the link to the VOD?

Description

Time

  • Played on: June 12, 2020, 1:21 p.m.
  • Length: 5:29

All games in this series

Show
View Real Time Build Order
Export as new Build Order

LiquidClem Terran 

Build Orders: Banshee Rush 

Get SALT Encoding   

  12  0:00  SCV  
  13  0:12  SCV  
  14  0:17  Supply Depot  
  14  0:25  SCV  
  15  0:29  Refinery  
  15  0:39  SCV  
  16  0:44  Barracks  
  16  0:51  SCV  
  17  1:03  SCV  
  18  1:15  SCV  
  19  1:31  Reaper, Orbital Command  
  20  1:52  Bunker  
  20  1:55  Bunker  
  20  1:56  Factory  
  20  1:57  SCV  
  21  2:03  Marine  
  22  2:10  Supply Depot  
  22  2:16  SCV  
  23  2:26  Marine  
  23  2:33  SCV  
  22  2:40  Hellion  
  22  2:43  Marine  
  22  2:46  SCV  
  19  2:59  Starport  
  19  3:01  Marine  
  19  3:04  SCV  
  18  3:17  SCV  
  18  3:18  Hellion  
  18  3:19  Marine  
  17  3:29  SCV  
  18  3:36  Starport Tech Lab  
  18  3:37  Marine  
  18  3:40  Hellion  
  21  3:41  SCV  
  21  3:43  Refinery  
  22  3:53  SCV  
  22  3:55  Cloaking Field, Marine  
  24  3:59  Banshee  
  27  4:04  Factory Tech Lab  
  27  4:10  Supply Depot  
  27  4:15  SCV  
  28  4:19  Marine  
  29  4:31  Siege Tank  
  29  4:38  Supply Depot  
  32  4:46  SCV  
  34  5:05  Supply Depot  
Show
View Real Time Build Order
Export as new Build Order

cure Terran - Winner!

Build Orders:  

Get SALT Encoding   

  12  0:00  SCV  
  13  0:13  Supply Depot  
  13  0:18  SCV  
  14  0:38  Barracks  
  14  0:40  Refinery  
  14  0:55  Barracks  
  14  0:59  SCV  
  16  1:11  SCV  
  17  1:25  Orbital Command, Reaper  
  17  1:32  Refinery  
  17  1:42  Reaper  
  18  1:52  SCV  
  19  1:57  Supply Depot  
  19  1:59  Reaper  
  20  2:04  SCV  
  21  2:14  Reaper  
  22  2:17  SCV  
  23  2:28  Factory  
  23  2:29  SCV  
  22  2:38  Reaper  
  22  2:41  SCV  
  24  2:57  Reaper  
  25  2:59  SCV  
  25  3:13  Factory Tech Lab  
  25  3:15  SCV  
  25  3:17  Reaper  
  25  3:28  SCV  
  25  3:32  Reaper  
  25  3:33  Cyclone  
  30  3:40  SCV, Supply Depot  
  31  3:57  Command Center  
  31  4:02  SCV  
  32  4:06  Starport  
  32  4:09  Cyclone  
  35  4:14  SCV  
  36  4:21  Supply Depot  
  36  4:26  SCV  
  37  4:34  Refinery  
  37  4:38  SCV  
  37  4:45  Cyclone  
  41  4:46  Starport Tech Lab  
  41  4:50  SCV  
  42  5:02  SCV  
  44  5:15  SCV  
  44  5:16  Command Center  
Tags
 
Add a new tag
Caveats
  • Supply blocks, unpowered buildings, or Contaminate may cause inaccurate times.
  • Supply counts are checked every 10 seconds.